Kings vs Golden Knights

Created - 19 novembre 2017 at 15:55

Goals
1 2 3 T
Kings 1 1 0 2
Golden Knights 0 0 0 0
Shots
1 2 3 T
Kings 7 16 14 37
Golden Knights 5 2 5 12

1st period

1. Kings , Vladimir Tarasenko 4 (Jay Bouwmeester 15, Brad Richards 12) at 7:04

Penalties :
Jay Bouwmeester (LAK) for Cross-checking (Minor) at 12:20, Joffrey Lupul (GOL) for Hooking (Minor) at 13:12, Viktor Tikhonov (GOL) for High sticking (Double Minor) at 17:39

2nd period

2. Kings , Marian Hossa 14 (Henrik Sedin 19, Jay Bouwmeester 16) at 13:31

Penalties :
Brian Eklund (GOL) for Delaying the game (Minor) at 0:16 - Zdeno Chara served the penalty., Jay Harrison (GOL) for Interference (Minor) at 14:22

3rd period

No Goal

Penalties :
Zdeno Chara (GOL) for Slashing (Double Minor) at 3:06, Zdeno Chara (GOL) for Hooking (Minor) at 9:19, Marian Hossa (LAK) for High sticking (Minor) at 9:19, Joffrey Lupul (GOL) for Hooking (Minor) at 9:25, Jay Bouwmeester (LAK) for Diving (Minor) at 9:25, Jaden Schwartz (LAK) for Hooking (Minor) at 12:43, Erik Karlsson (LAK) for Interference (Minor) at 16:53

Goalie Stats

Connor Hellebuyck (LAK), 12 saves from 12 shots - (1,000), W, 8-5-2, 60:00 minutes
Brian Eklund (GOL), 35 saves from 37 shots - (0,946), L, 5-5-7, 60:00 minutes

Players Stats for Kings

Player Name              G  A  P  +/- PIM S  H  SB GA TA FO     MP     PP MP  PK MP  
------------------------------------------------------------------------------------
Brad Richards            0  1  1   1  0   4  0  0  0  0  13/20  20:55   5:30   0:50 
Cody Ceci                0  0  0   0  0   0  0  0  0  0  0/0    17:23   0:26   1:57 
Connor Sheary            0  0  0   0  0   3  1  0  0  0  0/1    17:48   5:56   0:00 
Erik Karlsson            0  0  0   0  2   1  0  1  0  0  0/0    20:21   4:34   0:13 
Henrik Sedin             0  1  1   1  0   1  0  0  0  0  8/11   17:35   0:00   0:03 
Jaden Schwartz           0  0  0   1  2   4  2  0  0  0  2/3    19:48   5:22   0:00 
Jay Bouwmeester          0  2  2   2  4   0  2  0  0  0  0/0    15:56   0:00   2:19 
Justin Schultz           0  0  0   2  0   2  0  1  0  0  0/0    20:58   6:26   0:52 
Marian Hossa             1  0  1   1  2   2  5  0  0  0  0/1    16:18   0:00   1:10 
Max Pacioretty           0  0  0   1  0   1  0  0  0  0  1/1    21:56   5:56   0:00 
Paul Gaustad             0  0  0   0  0   0  0  0  0  0  0/0     1:10   0:00   1:10 
PK Subban                0  0  0   0  0   3  3  3  0  0  0/0    23:34   4:36   2:20 
Shawn Thornton           0  0  0   0  0   0  0  0  0  0  0/0     0:00   0:00   0:00 
Stephen Weiss            0  0  0   0  0   6  0  0  0  0  15/27  16:06   0:00   3:28 
Tomas Tatar              0  0  0   0  0   0  0  0  0  0  6/9     6:13   5:56   0:17 
Tyson Barrie             0  0  0   0  0   4  1  1  0  0  0/0    21:25   6:50   1:39 
Vladimir Tarasenko       1  0  1   1  0   5  1  0  0  0  1/3    18:39   5:30   0:00 
Zenon Konopka            0  0  0   0  0   1  5  0  0  0  0/1    15:48   0:08   3:02 

Players Stats for Golden Knights

Player Name              G  A  P  +/- PIM S  H  SB GA TA FO     MP     PP MP  PK MP  
------------------------------------------------------------------------------------
Barret Jackman           0  0  0  -1  0   0  3  4  0  0  0/0    21:21   0:00   6:04 
David Perron             0  0  0   0  0   2  0  0  0  0  1/2    17:14   0:00   6:15 
Dennis Everberg          0  0  0  -1  0   0  0  0  0  0  1/7     7:17   0:00   0:00 
Jay Harrison             0  0  0   0  2   0  4  0  0  0  0/0    17:26   1:58   2:46 
Joffrey Lupul            0  0  0   0  4   0  0  0  0  0  0/0    14:58   2:51   0:26 
John McCarthy            0  0  0  -1  0   0  0  0  0  0  0/0     7:17   0:00   0:00 
Josh Gorges              0  0  0  -1  0   0  0  2  0  0  0/0    25:02   1:58   6:06 
Kyle Beach               0  0  0  -1  0   1  0  0  0  0  1/1    13:55   1:58   0:00 
Linus Omark              0  0  0   0  0   0  1  0  0  0  0/0    10:09   0:00   0:00 
Matt Carle               0  0  0  -1  0   0  0  0  0  0  0/0    18:09   2:52   0:00 
Matt Ellison             0  0  0  -1  0   1  0  0  0  0  7/16   13:55   1:58   0:00 
Mike Weaver              0  0  0   0  0   0  1  5  0  0  0/0    16:49   0:00   5:20 
Niklas Hagman            0  0  0   0  0   2  0  0  0  0  0/0    19:01   2:52   3:43 
Patrick Cehlin           0  0  0  -1  0   0  0  0  0  0  0/0     7:17   0:00   0:00 
Ryan Russell             0  0  0   0  0   2  0  0  0  0  8/20   19:18   0:00   7:20 
Viktor Tikhonov          0  0  0  -1  4   0  3  0  0  0  1/5    16:15   1:58   2:48 
Ville Leino              0  0  0   0  0   3  0  0  0  0  12/26  17:21   2:52   0:58 
Zdeno Chara              0  0  0  -1  6   1  6  1  0  0  0/0    21:10   2:52   2:36 

3 Stars

1 - Brian Eklund (GOL)
2 - Marian Hossa (LAK)
3 - Vladimir Tarasenko (LAK)

Power Play

Kings - 0 on 7 Attempt(s) - 0,00%
Golden Knights - 0 on 3 Attempt(s) - 0,00%

Penalty Kill

Kings - 3 on 3 Attempt(s) - 100,00% - Score 0 goal in Penalty Kill
Golden Knights - 7 on 7 Attempt(s) - 100,00% - Score 0 goal in Penalty Kill

Team Stat

Kings - Hits : 20 - Faceoff Wins : 46 - Blocked Shots : 6 - Penalty Minutes : 10
Golden Knights - Hits : 18 - Faceoff Wins : 31 - Blocked Shots : 12 - Penalty Minutes : 18

Official

Referees : Chris Lee and Mike Hasenfratz
Linesman : Don Henderson and Rick Lembo

Game Notes

No Game Note

Finance

Level 1 -- Attendance: 6000 (100,00%) -- Ticket Income 558 000 $
Level 2 -- Attendance: 4527 (90,54%) -- Ticket Income 307 836 $
Level 3 -- Attendance: 2000 (100,00%) -- Ticket Income 82 000 $
Level 4 -- Attendance: 3992 (99,80%) -- Ticket Income 95 808 $
Luxury Box -- Attendance: 1000 (100,00%) -- Ticket Income 350 000 $
Total Attendance: 17519 (97,33%)
Total Ticket Income: 1 393 644 $
Other Income: 682 886 $
Total Income: 2 076 530 $

Kings

5 vs 5 Forward 
   Center                   Left Wing                Right Wing               Time % Phy DF OF 
 1 Henrik Sedin             Max Pacioretty           Marian Hossa             34     0   2  3  
 2 Brad Richards            Jaden Schwartz           Vladimir Tarasenko       34     0   2  3  
 3 Stephen Weiss            Zenon Konopka            Connor Sheary            32     0   3  2  
 4 Henrik Sedin             Jaden Schwartz           Vladimir Tarasenko       0      1   2  2  

5 vs 5 Defense 
   Defense                  Defense                                           Time % Phy DF OF 
 1 Erik Karlsson            PK Subban                                         35     0   3  2  
 2 Tyson Barrie             Cody Ceci                                         35     0   3  2  
 3 Jay Bouwmeester          Justin Schultz                                    30     0   3  2  
 4 Erik Karlsson            Jay Bouwmeester                                   0      1   2  2  

PowerPlay Forward 
   Center                   Left Wing                Right Wing               Time % Phy DF OF 
 1 Tomas Tatar              Max Pacioretty           Connor Sheary            50     0   0  5  
 2 Brad Richards            Jaden Schwartz           Vladimir Tarasenko       50     0   0  5  

PowerPlay Defense
   Defense                  Defense                                           Time % Phy DF OF 
 1 PK Subban                Erik Karlsson                                     57     0   3  2  
 2 Justin Schultz           Tyson Barrie                                      43     0   1  4  

Penalty Kill 4 Players Forward 
   Center                   Wing                     Time % Phy DF OF 
 1 Stephen Weiss            Zenon Konopka            60     0   5  0  
 2 Paul Gaustad             Marian Hossa             40     0   5  0  

Penalty Kill 4 Players Defense
   Defense                  Defense                  Time % Phy DF OF 
 1 Jay Bouwmeester          Cody Ceci                60     0   5  0  
 2 PK Subban                Tyson Barrie             40     0   5  0  

Penalty Kill - 3 Players Forward 
   Forward                                           Time % Phy DF OF 
 1 Henrik Sedin                                      50     0   5  0  
 2 Stephen Weiss                                     50     0   5  0  

Penalty Kill - 3 Players Defense
   Defense                  Defense                  Time % Phy DF OF 
 1 Jay Bouwmeester          PK Subban                50     0   5  0  
 2 Erik Karlsson            Cody Ceci                50     0   5  0  

4 vs 4 Forward 
   Center                   Wing                     Time % Phy DF OF 
 1 Brad Richards            Marian Hossa             50     0   2  3  
 2 Jaden Schwartz           Max Pacioretty           50     0   2  3  

4 vs 4 Defense
   Defense                  Defense                  Time % Phy DF OF 
 1 Jay Bouwmeester          PK Subban                50     0   3  2  
 2 Erik Karlsson            Cody Ceci                50     0   3  2  

Last Minutes Offensive
   Center                   Left Wing                Right Wing               Defense                  Defense                  
   Henrik Sedin             Jaden Schwartz           Marian Hossa             PK Subban                Erik Karlsson            

Last Minutes Defensive
   Center                   Left Wing                Right Wing               Defense                  Defense                  
   Henrik Sedin             Jaden Schwartz           Marian Hossa             PK Subban                Erik Karlsson            

Goaltenders
Starting : Connor Hellebuyck        
Backup : Jonas Hiller             

Extra Forwards
Normal : Henrik Sedin, Jaden Schwartz, Vladimir Tarasenko - PP : Max Pacioretty, Connor Sheary - PK : Stephen Weiss
Extra Defensemen
Normal : Justin Schultz, Cody Ceci, Tyson Barrie - PP : Erik Karlsson - PK : PK Subban, Jay Bouwmeester
Penalty Shots
Erik Karlsson, Marian Hossa, Vladimir Tarasenko, Jay Bouwmeester, Brad Richards
Custom OT Lines Forwards
Brad Richards, Marian Hossa, Henrik Sedin, Max Pacioretty, Jaden Schwartz, Vladimir Tarasenko, Stephen Weiss, Connor Sheary, Tomas Tatar, 
Custom OT Lines Defensemen
Jay Bouwmeester, Erik Karlsson, PK Subban, Tyson Barrie, Cody Ceci

Scratches
None

Golden Knights

5 vs 5 Forward 
   Center                   Left Wing                Right Wing               Time % Phy DF OF 
 1 Ville Leino              Niklas Hagman            Joffrey Lupul            35     0   3  2  
 2 Matt Ellison             Viktor Tikhonov          Kyle Beach               35     0   3  2  
 3 Ryan Russell             David Perron             Linus Omark              30     0   3  2  
 4 Dennis Everberg          John McCarthy            Patrick Cehlin           0      0   3  2  

5 vs 5 Defense 
   Defense                  Defense                                           Time % Phy DF OF 
 1 Zdeno Chara              Josh Gorges                                       32     1   3  1  
 2 Matt Carle               Barret Jackman                                    32     1   3  1  
 3 Mike Weaver              Jay Harrison                                      20     1   4  0  
 4 Zdeno Chara              Josh Gorges                                       16     1   4  0  

PowerPlay Forward 
   Center                   Left Wing                Right Wing               Time % Phy DF OF 
 1 Ville Leino              Niklas Hagman            Joffrey Lupul            60     0   0  5  
 2 Matt Ellison             Viktor Tikhonov          Kyle Beach               40     0   0  5  

PowerPlay Defense
   Defense                  Defense                                           Time % Phy DF OF 
 1 Zdeno Chara              Matt Carle                                        60     0   1  4  
 2 Jay Harrison             Josh Gorges                                       40     0   1  4  

Penalty Kill 4 Players Forward 
   Center                   Wing                     Time % Phy DF OF 
 1 Ryan Russell             David Perron             60     0   5  0  
 2 Viktor Tikhonov          Niklas Hagman            40     0   5  0  

Penalty Kill 4 Players Defense
   Defense                  Defense                  Time % Phy DF OF 
 1 Josh Gorges              Barret Jackman           60     1   4  0  
 2 Zdeno Chara              Mike Weaver              40     1   4  0  

Penalty Kill - 3 Players Forward 
   Forward                                           Time % Phy DF OF 
 1 Ryan Russell                                      60     0   5  0  
 2 Viktor Tikhonov                                   40     0   5  0  

Penalty Kill - 3 Players Defense
   Defense                  Defense                  Time % Phy DF OF 
 1 Josh Gorges              Barret Jackman           60     1   4  0  
 2 Zdeno Chara              Mike Weaver              40     1   4  0  

4 vs 4 Forward 
   Center                   Wing                     Time % Phy DF OF 
 1 Ville Leino              Joffrey Lupul            60     0   3  2  
 2 Matt Ellison             Kyle Beach               40     0   3  2  

4 vs 4 Defense
   Defense                  Defense                  Time % Phy DF OF 
 1 Zdeno Chara              Josh Gorges              60     1   3  1  
 2 Matt Carle               Barret Jackman           40     1   3  1  

Last Minutes Offensive
   Center                   Left Wing                Right Wing               Defense                  Defense                  
   Ville Leino              Niklas Hagman            Joffrey Lupul            Zdeno Chara              Matt Carle               

Last Minutes Defensive
   Center                   Left Wing                Right Wing               Defense                  Defense                  
   Ryan Russell             Viktor Tikhonov          Niklas Hagman            Josh Gorges              Barret Jackman           

Goaltenders
Starting : Brian Eklund             
Backup : Thomas McCollum          

Extra Forwards
Normal : Ryan Russell, David Perron, Joffrey Lupul - PP : Ryan Russell, David Perron - PK : Ville Leino
Extra Defensemen
Normal : Jay Harrison, Mike Weaver, Barret Jackman - PP : Mike Weaver - PK : Zdeno Chara, Jay Harrison
Penalty Shots
Niklas Hagman, Joffrey Lupul, David Perron, Ville Leino, Matt Ellison
Custom OT Lines Forwards
Ville Leino, Niklas Hagman, Joffrey Lupul, Matt Ellison, Ryan Russell, David Perron, Linus Omark, Viktor Tikhonov, Kyle Beach, 
Custom OT Lines Defensemen
Zdeno Chara, Josh Gorges, Matt Carle, Jay Harrison, Barret Jackman

Scratches
Ben Walter (Healthy), Dan Fritsche (Healthy), Josef Boumedienne (Healthy)

% Time on Ice - Kings

Lines # - Real PCT - Wanted PCT - Time Play
Normal Forward
1 - 36% - 34% - 14:45
2 - 31% - 34% - 12:38
3 - 31% - 32% - 12:38
4 - 1% - 0% - 0:31
Normal Defense
1 - 33% - 35% - 13:15
2 - 34% - 35% - 13:44
3 - 29% - 30% - 11:49
4 - 4% - 0% - 1:44
PP Forward
1 - 52% - 50% - 5:56
2 - 48% - 50% - 5:30
PP Defense
1 - 40% - 57% - 4:36
2 - 60% - 43% - 6:50
PK Forward
1 - 76% - 60% - 3:40
2 - 24% - 40% - 1:10
PK Defense
1 - 66% - 60% - 3:11
2 - 34% - 40% - 1:39
PK3 Forward
1 - 0% - 50%
2 - 0% - 50%
PK3 Defense
1 - 0% - 50%
2 - 0% - 50%
44 Forward
1 - 61% - 50% - 1:57
2 - 39% - 50% - 1:15
44 Defense
1 - 83% - 50% - 2:40
2 - 17% - 50% - 0:32
Last Minute Offensive  - 0:00
Last Minute Defensive  - 0:00
Total
Forward - 60:00
Defense - 60:00

% Time on Ice - Golden Knights

Lines # - Real PCT - Wanted PCT - Time Play
Normal Forward
1 - 29% - 35% - 11:36
2 - 28% - 35% - 11:30
3 - 25% - 30% - 10:09
4 - 18% - 0% - 7:17
Normal Defense
1 - 30% - 32% - 12:11
2 - 34% - 32% - 13:46
3 - 28% - 20% - 11:29
4 - 8% - 16% - 3:06
PP Forward
1 - 59% - 60% - 2:52
2 - 41% - 40% - 1:58
PP Defense
1 - 59% - 60% - 2:52
2 - 41% - 40% - 1:58
PK Forward
1 - 63% - 60% - 6:21
2 - 37% - 40% - 3:43
PK Defense
1 - 49% - 60% - 4:58
2 - 51% - 40% - 5:06
PK3 Forward
1 - 89% - 60% - 1:13
2 - 11% - 40% - 0:09
PK3 Defense
1 - 83% - 60% - 1:08
2 - 17% - 40% - 0:14
44 Forward
1 - 86% - 60% - 2:45
2 - 14% - 40% - 0:27
44 Defense
1 - 53% - 60% - 1:41
2 - 47% - 40% - 1:31
Last Minute Offensive  - 0:00
Last Minute Defensive  - 0:00
Total
Forward - 60:00
Defense - 60:00

Play by Play

1st period


0:01 of 1st period - Henrik Sedin wins face-off versus Ville Leino in neutral zone.
0:24 of 1st period - Shot by Niklas Hagman.
0:24 of 1st period - Stopped by Connor Hellebuyck with a rebound.
0:26 of 1st period - Shot by Josh Gorges.
0:26 of 1st period - Shot Misses the Net.
0:30 of 1st period - Shot by Niklas Hagman.
0:30 of 1st period - Shot Misses the Net.
1:10 of 1st period - Shot by Vladimir Tarasenko.
1:10 of 1st period - Stopped by Brian Eklund without a rebound.
1:11 of 1st period - David Perron wins face-off versus Stephen Weiss in Golden Knights zone.
1:18 of 1st period - Shot by David Perron.
1:18 of 1st period - Stopped by Connor Hellebuyck without a rebound.
1:19 of 1st period - Stephen Weiss wins face-off versus David Perron in Kings zone.
3:18 of 1st period - Matt Carle is hit by PK Subban and loses puck.
3:46 of 1st period - Ville Leino is hit by Marian Hossa and loses puck.
4:06 of 1st period - Joffrey Lupul is hit by Tyson Barrie and loses puck.
4:24 of 1st period - Icing by Niklas Hagman.
4:25 of 1st period - Ville Leino wins face-off versus Vladimir Tarasenko in Golden Knights zone.
4:55 of 1st period - Jay Bouwmeester is hit by Jay Harrison and loses puck.
5:13 of 1st period - Max Pacioretty is hit by Mike Weaver and loses puck.
5:16 of 1st period - Shot by Max Pacioretty.
5:16 of 1st period - Shot Hit the Post.
5:18 of 1st period - Shot by Marian Hossa.
5:18 of 1st period - Shot Blocked by Mike Weaver.
5:20 of 1st period - Shot by Henrik Sedin.
5:20 of 1st period - Stopped by Brian Eklund with a rebound.
5:22 of 1st period - Shot by Marian Hossa.
5:22 of 1st period - Stopped by Brian Eklund without a rebound.
5:23 of 1st period - Stephen Weiss wins face-off versus Matt Ellison in Golden Knights zone.
5:46 of 1st period - Shot by Connor Sheary.
5:46 of 1st period - Shot Misses the Net.
5:48 of 1st period - Shot by Stephen Weiss.
5:48 of 1st period - Stopped by Brian Eklund without a rebound.
5:49 of 1st period - Henrik Sedin wins face-off versus Dennis Everberg in Golden Knights zone.
5:49 of 1st period - Max Pacioretty is hit by Zdeno Chara and loses puck.
6:03 of 1st period - Max Pacioretty is hit by Zdeno Chara and loses puck.
6:18 of 1st period - Max Pacioretty is hit by Zdeno Chara and loses puck.
7:04 of 1st period - Shot by Vladimir Tarasenko.
7:04 of 1st period - Goal by Vladimir Tarasenko - Kings : 1 - Golden Knights : 0.
7:05 of 1st period - Stephen Weiss wins face-off versus Matt Ellison in neutral zone.
7:07 of 1st period - Off-side.
7:08 of 1st period - Matt Ellison wins face-off versus Stephen Weiss in neutral zone.
7:13 of 1st period - Shot by Matt Ellison.
7:13 of 1st period - Stopped by Connor Hellebuyck without a rebound.
7:14 of 1st period - Jaden Schwartz wins face-off versus Ville Leino in Kings zone.
7:31 of 1st period - Shot by Joffrey Lupul.
7:31 of 1st period - Shot Blocked by PK Subban.
7:33 of 1st period - Shot by Matt Carle.
7:33 of 1st period - Shot Misses the Net.
7:35 of 1st period - Shot by Barret Jackman.
7:35 of 1st period - Shot Blocked by Erik Karlsson.
7:37 of 1st period - Shot by Ville Leino.
7:37 of 1st period - Shot Misses the Net.
7:39 of 1st period - Shot by Niklas Hagman.
7:39 of 1st period - Stopped by Connor Hellebuyck without a rebound.
7:40 of 1st period - Stephen Weiss wins face-off versus Matt Ellison in Kings zone.
7:40 of 1st period - Stephen Weiss is hit by Viktor Tikhonov.
8:13 of 1st period - Justin Schultz is hit by Jay Harrison and loses puck.
8:48 of 1st period - Shot by Ryan Russell.
8:48 of 1st period - Stopped by Connor Hellebuyck without a rebound.
8:49 of 1st period - Ville Leino wins face-off versus Henrik Sedin in Kings zone.
10:08 of 1st period - Shot by Linus Omark.
10:08 of 1st period - Shot Misses the Net.
10:48 of 1st period - Cody Ceci is hit by Viktor Tikhonov and loses puck.
12:20 of 1st period - Minor Penalty to Jay Bouwmeester for Cross-checking.
12:21 of 1st period - Stephen Weiss wins face-off versus Ville Leino in Kings zone.
12:26 of 1st period - Matt Carle is hit by Zenon Konopka and loses puck.
12:59 of 1st period - Icing by Matt Carle.
13:00 of 1st period - Stephen Weiss wins face-off versus Ville Leino in Golden Knights zone.
13:12 of 1st period - Minor Penalty to Joffrey Lupul for Hooking.
13:13 of 1st period - Ville Leino wins face-off versus Jaden Schwartz in Golden Knights zone.
14:09 of 1st period - Shot by Josh Gorges.
14:09 of 1st period - Shot Hit the Post.
14:14 of 1st period - Off-side.
14:15 of 1st period - Brad Richards wins face-off versus Ville Leino in neutral zone.
14:20 of 1st period - Shot by Erik Karlsson.
14:20 of 1st period - Deflect By Max Pacioretty.
14:20 of 1st period - Shot Misses the Net.
16:30 of 1st period - Shot by Vladimir Tarasenko.
16:30 of 1st period - Shot Misses the Net.
16:40 of 1st period - Shot by Joffrey Lupul.
16:40 of 1st period - Shot Misses the Net.
16:42 of 1st period - Shot by Ville Leino.
16:42 of 1st period - Shot Misses the Net.
16:44 of 1st period - Shot by Barret Jackman.
16:44 of 1st period - Shot Misses the Net.
17:18 of 1st period - Off-side.
17:19 of 1st period - Stephen Weiss wins face-off versus Matt Ellison in neutral zone.
17:39 of 1st period - Double Minor Penalty to Viktor Tikhonov for High sticking.
17:40 of 1st period - Ryan Russell wins face-off versus Tomas Tatar in Golden Knights zone.
17:40 of 1st period - Ryan Russell is hit by Connor Sheary.
17:52 of 1st period - Shot by Tyson Barrie.
17:52 of 1st period - Shot Blocked by Zdeno Chara.
17:54 of 1st period - Shot by Tyson Barrie.
17:54 of 1st period - Shot Misses the Net.
17:56 of 1st period - Shot by Connor Sheary.
17:56 of 1st period - Stopped by Brian Eklund without a rebound.
17:57 of 1st period - Tomas Tatar wins face-off versus Ryan Russell in Golden Knights zone.
18:08 of 1st period - Shot by Erik Karlsson.
18:08 of 1st period - Shot Misses the Net.
18:10 of 1st period - Shot by PK Subban.
18:10 of 1st period - Stopped by Brian Eklund with a rebound.
18:38 of 1st period - Shot by Tyson Barrie.
18:38 of 1st period - Shot Blocked by Barret Jackman.
18:52 of 1st period - Shot by Brad Richards.
18:52 of 1st period - Shot Misses the Net.
19:10 of 1st period - Shot by Jaden Schwartz.
19:10 of 1st period - Shot Misses the Net.
19:12 of 1st period - Shot by Jaden Schwartz.
19:12 of 1st period - Shot Misses the Net.
Goals for this period are 1 for Kings vs 0 for Golden Knights.
Shots for this period are 7 for Kings vs 5 for Golden Knights.

2nd period


0:01 of 2nd period - Ryan Russell wins face-off versus Brad Richards in neutral zone.
0:12 of 2nd period - Shot by Erik Karlsson.
0:12 of 2nd period - Shot Blocked by Mike Weaver.
0:16 of 2nd period - Shot by Vladimir Tarasenko.
0:16 of 2nd period - Stopped by Brian Eklund without a rebound.
0:16 of 2nd period - Minor Penalty to Brian Eklund for Delaying the game.
0:17 of 2nd period - Tomas Tatar wins face-off versus Ryan Russell in Golden Knights zone.
0:20 of 2nd period - Shot by Justin Schultz.
0:20 of 2nd period - Shot Blocked by Barret Jackman.
0:22 of 2nd period - Shot by Tyson Barrie.
0:22 of 2nd period - Shot Misses the Net.
0:40 of 2nd period - Shot by Justin Schultz.
0:40 of 2nd period - Shot Blocked by Barret Jackman.
0:42 of 2nd period - Shot by Tyson Barrie.
0:42 of 2nd period - Stopped by Brian Eklund without a rebound.
0:43 of 2nd period - Brad Richards wins face-off versus Ryan Russell in Golden Knights zone.
0:46 of 2nd period - Shot by PK Subban.
0:46 of 2nd period - Stopped by Brian Eklund without a rebound.
0:47 of 2nd period - Ryan Russell wins face-off versus Brad Richards in Golden Knights zone.
1:00 of 2nd period - Shot by PK Subban.
1:00 of 2nd period - Stopped by Brian Eklund without a rebound.
1:01 of 2nd period - Tomas Tatar wins face-off versus Ryan Russell in Golden Knights zone.
1:01 of 2nd period - Tomas Tatar is hit by Barret Jackman.
1:15 of 2nd period - Shot by Tyson Barrie.
1:15 of 2nd period - Stopped by Brian Eklund without a rebound.
1:16 of 2nd period - Ryan Russell wins face-off versus Brad Richards in Golden Knights zone.
1:29 of 2nd period - Shot by Erik Karlsson.
1:29 of 2nd period - Stopped by Brian Eklund without a rebound.
1:30 of 2nd period - Tomas Tatar wins face-off versus Ville Leino in Golden Knights zone.
1:47 of 2nd period - Connor Sheary is hit by Jay Harrison and loses puck.
1:56 of 2nd period - Shot by Connor Sheary.
1:56 of 2nd period - Shot Misses the Net.
2:48 of 2nd period - Shot by Vladimir Tarasenko.
2:48 of 2nd period - Shot Misses the Net.
2:50 of 2nd period - Shot by Brad Richards.
2:50 of 2nd period - Shot Blocked by Josh Gorges.
3:38 of 2nd period - Shot by Marian Hossa.
3:38 of 2nd period - Deflect By Henrik Sedin.
3:38 of 2nd period - Shot Misses the Net.
3:40 of 2nd period - Shot by Jay Bouwmeester.
3:40 of 2nd period - Shot Misses the Net.
3:47 of 2nd period - Icing by Josh Gorges.
3:48 of 2nd period - Stephen Weiss wins face-off versus Matt Ellison in Golden Knights zone.
4:23 of 2nd period - Shot by Connor Sheary.
4:23 of 2nd period - Deflect By Stephen Weiss.
4:23 of 2nd period - Stopped by Brian Eklund without a rebound.
4:24 of 2nd period - Brad Richards wins face-off versus Ryan Russell in Golden Knights zone.
4:44 of 2nd period - Jaden Schwartz is hit by Barret Jackman and loses puck.
5:37 of 2nd period - Shot by Max Pacioretty.
5:37 of 2nd period - Shot Misses the Net.
5:39 of 2nd period - Shot by Justin Schultz.
5:39 of 2nd period - Stopped by Brian Eklund without a rebound.
5:40 of 2nd period - Stephen Weiss wins face-off versus Dennis Everberg in Golden Knights zone.
6:29 of 2nd period - Icing by Stephen Weiss.
6:30 of 2nd period - Stephen Weiss wins face-off versus Ryan Russell in Kings zone.
6:53 of 2nd period - Shot by Ryan Russell.
6:53 of 2nd period - Stopped by Connor Hellebuyck without a rebound.
6:54 of 2nd period - Brad Richards wins face-off versus Ville Leino in Kings zone.
9:20 of 2nd period - Shot by Stephen Weiss.
9:20 of 2nd period - Shot Blocked by Mike Weaver.
9:36 of 2nd period - Shot by Stephen Weiss.
9:36 of 2nd period - Stopped by Brian Eklund without a rebound.
9:37 of 2nd period - Stephen Weiss wins face-off versus Ville Leino in Golden Knights zone.
9:45 of 2nd period - Connor Sheary is hit by Zdeno Chara and loses puck.
10:04 of 2nd period - Shot by Ville Leino.
10:04 of 2nd period - Shot Misses the Net.
10:06 of 2nd period - Shot by Ville Leino.
10:06 of 2nd period - Stopped by Connor Hellebuyck without a rebound.
10:07 of 2nd period - Henrik Sedin wins face-off versus Dennis Everberg in Kings zone.
11:29 of 2nd period - Josh Gorges is hit by Jaden Schwartz and loses puck.
12:09 of 2nd period - David Perron is hit by PK Subban and loses puck.
12:36 of 2nd period - Shot by David Perron.
12:36 of 2nd period - Shot Misses the Net.
12:38 of 2nd period - Shot by David Perron.
12:38 of 2nd period - Shot Misses the Net.
13:00 of 2nd period - Shot by Stephen Weiss.
13:00 of 2nd period - Deflect By Connor Sheary.
13:00 of 2nd period - Stopped by Brian Eklund with a rebound.
13:02 of 2nd period - Shot by Stephen Weiss.
13:02 of 2nd period - Shot Misses the Net.
13:05 of 2nd period - Icing by Matt Carle.
13:06 of 2nd period - Matt Ellison wins face-off versus Henrik Sedin in Golden Knights zone.
13:06 of 2nd period - Matt Ellison is hit by Marian Hossa.
13:29 of 2nd period - Shot by Marian Hossa.
13:29 of 2nd period - Shot Misses the Net.
13:31 of 2nd period - Shot by Marian Hossa.
13:31 of 2nd period - Goal by Marian Hossa - Kings : 2 - Golden Knights : 0.
13:32 of 2nd period - Max Pacioretty wins face-off versus Ville Leino in neutral zone.
13:46 of 2nd period - Off-side.
13:47 of 2nd period - Ryan Russell wins face-off versus Stephen Weiss in neutral zone.
13:55 of 2nd period - Shot by Connor Sheary.
13:55 of 2nd period - Shot Misses the Net.
13:57 of 2nd period - Shot by Stephen Weiss.
13:57 of 2nd period - Shot Misses the Net.
14:22 of 2nd period - Minor Penalty to Jay Harrison for Interference.
14:23 of 2nd period - Ryan Russell wins face-off versus Brad Richards in Golden Knights zone.
14:23 of 2nd period - Ryan Russell is hit by Vladimir Tarasenko.
14:47 of 2nd period - Off-side.
14:48 of 2nd period - Viktor Tikhonov wins face-off versus Tomas Tatar in neutral zone.
15:03 of 2nd period - Shot by Tyson Barrie.
15:03 of 2nd period - Stopped by Brian Eklund without a rebound.
15:04 of 2nd period - Brad Richards wins face-off versus Viktor Tikhonov in Golden Knights zone.
15:07 of 2nd period - Shot by Brad Richards.
15:07 of 2nd period - Shot Blocked by Barret Jackman.
15:40 of 2nd period - Shot by Erik Karlsson.
15:40 of 2nd period - Shot Blocked by Josh Gorges.
16:23 of 2nd period - Shot by Connor Sheary.
16:23 of 2nd period - Stopped by Brian Eklund with a rebound.
17:10 of 2nd period - Off-side.
17:11 of 2nd period - Ville Leino wins face-off versus Stephen Weiss in neutral zone.
17:24 of 2nd period - Shot by Connor Sheary.
17:24 of 2nd period - Deflect By Stephen Weiss.
17:24 of 2nd period - Stopped by Brian Eklund without a rebound.
17:25 of 2nd period - Matt Ellison wins face-off versus Vladimir Tarasenko in Golden Knights zone.
17:25 of 2nd period - Matt Ellison is hit by Jaden Schwartz.
17:51 of 2nd period - Shot by Jaden Schwartz.
17:51 of 2nd period - Stopped by Brian Eklund with a rebound.
17:53 of 2nd period - Shot by Jaden Schwartz.
17:53 of 2nd period - Shot Misses the Net.
17:55 of 2nd period - Shot by Brad Richards.
17:55 of 2nd period - Shot Blocked by Mike Weaver.
17:57 of 2nd period - Shot by Jaden Schwartz.
17:57 of 2nd period - Stopped by Brian Eklund without a rebound.
17:58 of 2nd period - Stephen Weiss wins face-off versus Ville Leino in Golden Knights zone.
18:03 of 2nd period - Shot by Connor Sheary.
18:03 of 2nd period - Shot Misses the Net.
18:05 of 2nd period - Shot by Connor Sheary.
18:05 of 2nd period - Shot Misses the Net.
18:24 of 2nd period - Off-side.
18:25 of 2nd period - Henrik Sedin wins face-off versus Ryan Russell in neutral zone.
18:53 of 2nd period - Icing by Matt Carle.
18:54 of 2nd period - Ryan Russell wins face-off versus Stephen Weiss in Golden Knights zone.
18:54 of 2nd period - Matt Carle is hit by Zenon Konopka and loses puck.
19:23 of 2nd period - Ryan Russell is hit by Zenon Konopka and loses puck.
19:31 of 2nd period - Off-side.
19:32 of 2nd period - Henrik Sedin wins face-off versus Matt Ellison in neutral zone.
19:40 of 2nd period - Off-side.
19:41 of 2nd period - Henrik Sedin wins face-off versus Ville Leino in neutral zone.
19:47 of 2nd period - Henrik Sedin is hit by Zdeno Chara and loses puck.
Goals for this period are 1 for Kings vs 0 for Golden Knights.
Shots for this period are 16 for Kings vs 2 for Golden Knights.

3rd period


0:01 of 3rd period - Matt Ellison wins face-off versus Connor Sheary in neutral zone.
0:09 of 3rd period - Stephen Weiss is hit by Viktor Tikhonov and loses puck.
0:21 of 3rd period - Icing by Josh Gorges.
0:22 of 3rd period - Henrik Sedin wins face-off versus Matt Ellison in Golden Knights zone.
1:06 of 3rd period - Matt Ellison is hit by Jay Bouwmeester and loses puck.
1:19 of 3rd period - Shot by Niklas Hagman.
1:19 of 3rd period - Shot Misses the Net.
1:40 of 3rd period - Ville Leino is hit by Jay Bouwmeester and loses puck.
2:25 of 3rd period - Stephen Weiss is hit by Jay Harrison and loses puck.
2:34 of 3rd period - Shot by David Perron.
2:34 of 3rd period - Shot Misses the Net.
3:06 of 3rd period - Double Minor Penalty to Zdeno Chara for Slashing.
3:07 of 3rd period - Brad Richards wins face-off versus Ryan Russell in Golden Knights zone.
3:16 of 3rd period - Shot by Jaden Schwartz.
3:16 of 3rd period - Stopped by Brian Eklund with a rebound.
3:18 of 3rd period - Shot by Tyson Barrie.
3:18 of 3rd period - Deflect By Brad Richards.
3:18 of 3rd period - Stopped by Brian Eklund without a rebound.
3:19 of 3rd period - Brad Richards wins face-off versus Viktor Tikhonov in Golden Knights zone.
3:38 of 3rd period - Shot by Tyson Barrie.
3:38 of 3rd period - Shot Misses the Net.
3:40 of 3rd period - Shot by Cody Ceci.
3:40 of 3rd period - Shot Misses the Net.
3:42 of 3rd period - Shot by Brad Richards.
3:42 of 3rd period - Stopped by Brian Eklund without a rebound.
3:43 of 3rd period - Tomas Tatar wins face-off versus Ryan Russell in Golden Knights zone.
3:46 of 3rd period - Shot by Connor Sheary.
3:46 of 3rd period - Shot Misses the Net.
3:48 of 3rd period - Shot by Justin Schultz.
3:48 of 3rd period - Stopped by Brian Eklund without a rebound.
3:49 of 3rd period - Brad Richards wins face-off versus Ryan Russell in Golden Knights zone.
4:50 of 3rd period - Icing by Justin Schultz.
4:51 of 3rd period - Vladimir Tarasenko wins face-off versus Ryan Russell in Kings zone.
4:57 of 3rd period - Off-side.
4:58 of 3rd period - Ryan Russell wins face-off versus Tomas Tatar in neutral zone.
5:33 of 3rd period - Shot by Max Pacioretty.
5:33 of 3rd period - Stopped by Brian Eklund without a rebound.
5:34 of 3rd period - Brad Richards wins face-off versus Viktor Tikhonov in Golden Knights zone.
5:39 of 3rd period - Shot by Brad Richards.
5:39 of 3rd period - Shot Misses the Net.
5:57 of 3rd period - Shot by PK Subban.
5:57 of 3rd period - Shot Misses the Net.
6:55 of 3rd period - Icing by Connor Sheary.
6:56 of 3rd period - Tomas Tatar wins face-off versus Viktor Tikhonov in Kings zone.
7:06 of 3rd period - Icing by Barret Jackman.
7:07 of 3rd period - Henrik Sedin wins face-off versus Dennis Everberg in Golden Knights zone.
7:10 of 3rd period - Shot by Marian Hossa.
7:10 of 3rd period - Deflect By Max Pacioretty.
7:10 of 3rd period - Shot Misses the Net.
7:32 of 3rd period - Shot by Henrik Sedin.
7:32 of 3rd period - Shot Misses the Net.
7:43 of 3rd period - Icing by Matt Carle.
7:44 of 3rd period - Brad Richards wins face-off versus Dennis Everberg in Golden Knights zone.
8:11 of 3rd period - Shot by Ville Leino.
8:11 of 3rd period - Stopped by Connor Hellebuyck with a rebound.
8:13 of 3rd period - Shot by Zdeno Chara.
8:13 of 3rd period - Shot Misses the Net.
8:19 of 3rd period - Shot by Ville Leino.
8:19 of 3rd period - Stopped by Connor Hellebuyck without a rebound.
8:20 of 3rd period - Kyle Beach wins face-off versus Stephen Weiss in Kings zone.
8:23 of 3rd period - Shot by Matt Ellison.
8:23 of 3rd period - Shot Blocked by Justin Schultz.
8:43 of 3rd period - Shot by Stephen Weiss.
8:43 of 3rd period - Stopped by Brian Eklund without a rebound.
8:44 of 3rd period - Ville Leino wins face-off versus Marian Hossa in Golden Knights zone.
8:44 of 3rd period - Ville Leino is hit by Marian Hossa.
9:19 of 3rd period - Minor Penalty to Zdeno Chara for Hooking.
9:19 of 3rd period - Minor Penalty to Marian Hossa for High sticking.
9:20 of 3rd period - Ville Leino wins face-off versus Brad Richards in Golden Knights zone.
9:22 of 3rd period - Icing by Barret Jackman.
9:23 of 3rd period - Ville Leino wins face-off versus Brad Richards in Golden Knights zone.
9:25 of 3rd period - Minor Penalty to Joffrey Lupul for Hooking.
9:25 of 3rd period - Minor Penalty to Jay Bouwmeester for Diving.
9:26 of 3rd period - Brad Richards wins face-off versus Ville Leino in neutral zone.
9:35 of 3rd period - Shot by Henrik Sedin.
9:35 of 3rd period - Shot Misses the Net.
9:38 of 3rd period - Icing by Jay Harrison.
9:39 of 3rd period - Jaden Schwartz wins face-off versus Ville Leino in Golden Knights zone.
10:10 of 3rd period - Icing by Jay Harrison.
10:11 of 3rd period - Brad Richards wins face-off versus Ville Leino in Golden Knights zone.
10:22 of 3rd period - Shot by Henrik Sedin.
10:22 of 3rd period - Shot Misses the Net.
10:29 of 3rd period - Josh Gorges is hit by PK Subban and loses puck.
10:40 of 3rd period - Shot by David Perron.
10:40 of 3rd period - Stopped by Connor Hellebuyck with a rebound.
11:06 of 3rd period - Shot by David Perron.
11:06 of 3rd period - Shot Blocked by PK Subban.
11:33 of 3rd period - Stephen Weiss is hit by Zdeno Chara and loses puck.
11:38 of 3rd period - Shot by Stephen Weiss.
11:38 of 3rd period - Stopped by Brian Eklund without a rebound.
11:39 of 3rd period - Stephen Weiss wins face-off versus Dennis Everberg in Golden Knights zone.
11:54 of 3rd period - Icing by Jay Harrison.
11:55 of 3rd period - Dennis Everberg wins face-off versus Stephen Weiss in Golden Knights zone.
11:55 of 3rd period - Dennis Everberg is hit by Zenon Konopka.
12:22 of 3rd period - Shot by Connor Sheary.
12:22 of 3rd period - Shot Blocked by Mike Weaver.
12:24 of 3rd period - Shot by Zenon Konopka.
12:24 of 3rd period - Shot Misses the Net.
12:26 of 3rd period - Shot by Zenon Konopka.
12:26 of 3rd period - Stopped by Brian Eklund without a rebound.
12:27 of 3rd period - Matt Ellison wins face-off versus Brad Richards in Golden Knights zone.
12:40 of 3rd period - Shot by Brad Richards.
12:40 of 3rd period - Stopped by Brian Eklund with a rebound.
12:43 of 3rd period - Minor Penalty to Jaden Schwartz for Hooking.
12:44 of 3rd period - Ville Leino wins face-off versus Stephen Weiss in Kings zone.
12:53 of 3rd period - Shot by Zdeno Chara.
12:53 of 3rd period - Shot Misses the Net.
13:16 of 3rd period - Zdeno Chara is hit by Marian Hossa and loses puck.
13:25 of 3rd period - Shot by Zdeno Chara.
13:25 of 3rd period - Shot Blocked by PK Subban.
13:27 of 3rd period - Shot by Ville Leino.
13:27 of 3rd period - Shot Misses the Net.
13:29 of 3rd period - Shot by Zdeno Chara.
13:29 of 3rd period - Shot Blocked by Tyson Barrie.
14:12 of 3rd period - Shot by Viktor Tikhonov.
14:12 of 3rd period - Shot Misses the Net.
14:14 of 3rd period - Shot by Kyle Beach.
14:14 of 3rd period - Stopped by Connor Hellebuyck without a rebound.
14:15 of 3rd period - Ville Leino wins face-off versus Zenon Konopka in Kings zone.
14:32 of 3rd period - Shot by Matt Carle.
14:32 of 3rd period - Shot Misses the Net.
14:49 of 3rd period - Icing by Jaden Schwartz.
14:50 of 3rd period - Brad Richards wins face-off versus Ryan Russell in Kings zone.
14:50 of 3rd period - Brad Richards is hit by Linus Omark.
15:07 of 3rd period - Shot by Justin Schultz.
15:07 of 3rd period - Shot Misses the Net.
15:09 of 3rd period - Shot by Vladimir Tarasenko.
15:09 of 3rd period - Stopped by Brian Eklund with a rebound.
15:11 of 3rd period - Shot by Brad Richards.
15:11 of 3rd period - Stopped by Brian Eklund with a rebound.
16:42 of 3rd period - Icing by Josh Gorges.
16:43 of 3rd period - Ville Leino wins face-off versus Stephen Weiss in Golden Knights zone.
16:53 of 3rd period - Minor Penalty to Erik Karlsson for Interference.
16:54 of 3rd period - Ville Leino wins face-off versus Stephen Weiss in Kings zone.
17:29 of 3rd period - Shot by Zdeno Chara.
17:29 of 3rd period - Stopped by Connor Hellebuyck without a rebound.
17:30 of 3rd period - Stephen Weiss wins face-off versus Matt Ellison in Kings zone.
17:36 of 3rd period - Icing by Josh Gorges.
17:37 of 3rd period - Stephen Weiss wins face-off versus Matt Ellison in Golden Knights zone.
17:44 of 3rd period - Shot by Tyson Barrie.
17:44 of 3rd period - Stopped by Brian Eklund without a rebound.
17:45 of 3rd period - Matt Ellison wins face-off versus Stephen Weiss in Golden Knights zone.
17:45 of 3rd period - Matt Ellison is hit by Zenon Konopka.
17:48 of 3rd period - Icing by Viktor Tikhonov.
17:49 of 3rd period - Matt Ellison wins face-off versus Stephen Weiss in Golden Knights zone.
18:59 of 3rd period - Erik Karlsson is hit by Barret Jackman.
19:07 of 3rd period - Shot by Jaden Schwartz.
19:07 of 3rd period - Shot Misses the Net.
19:09 of 3rd period - Shot by Jaden Schwartz.
19:09 of 3rd period - Stopped by Brian Eklund with a rebound.
19:19 of 3rd period - Shot by Jaden Schwartz.
19:19 of 3rd period - Shot Misses the Net.
19:23 of 3rd period - Shot by Vladimir Tarasenko.
19:23 of 3rd period - Stopped by Brian Eklund without a rebound.
19:24 of 3rd period - Ville Leino wins face-off versus Henrik Sedin in Golden Knights zone.
19:24 of 3rd period - Ville Leino is hit by Marian Hossa.
Goals for this period are 0 for Kings vs 0 for Golden Knights.
Shots for this period are 14 for Kings vs 5 for Golden Knights.